Cogmind - Beta 11.1 @@@ ROGUE MODE // 2022.05.29 @ 14:36:35 Player: Nix Result: Destroyed by G-34 Mercenary with Small Laser Performance ------------- Evolutions (1) 500 Regions Visited (3) 600 Robots Destroyed (26) 130 Value Destroyed (832) 832 Prototype IDs (0) 0 Alien Tech Used (0) 0 Bonus (0) 0 TOTAL SCORE: 2062 Bonus ------- None Cogmind --------- Core Integrity 0/400 Matter 259/300 Energy 99/100 System Corruption 37% Temperature Cool (6) Movement Core (350) Ox6 Location -9/Mines Parts ------- > --- POWER (1) -------- (None) > --- PROPULSION (2) --- (None) > --- UTILITY (4) ------ Large Storage Unit > --- WEAPON (2) ------- (None) > --- INVENTORY (15) --- (None) Peak State ------------ > --- POWER ------------ Ion Engine > --- PROPULSION ------- Aluminum Leg Aluminum Leg > --- UTILITY ---------- Large Storage Unit Large Battery Visual Processing Unit Hardened Light Armor Plating > --- WEAPON ----------- EM Pulse Cannon Light Cannon > --- INVENTORY -------- Ion Engine Compact Wheel Large Storage Unit Signal Interpreter ECM Suite Heavy Armor Plating Small Laser Particle Gun EM Pulse Cannon Beam Cannon Light Assault Rifle Light Assault Rifle Light Cannon Grenade Launcher [Rating: 15] Favorites ----------- Power Light Ion Engine Engine Light Ion Engine Propulsion Aluminum Leg Leg Aluminum Leg Wheel Wheel Utility Large Storage Unit Device ECM Suite Storage Large Storage Unit Processor Visual Processing Unit Protection Hardened Light Armor Plating Weapon Light Cannon Energy Gun Particle Gun Energy Cannon EM Pulse Cannon Ballistic Gun Assault Rifle Ballistic Cannon Light Cannon Launcher Grenade Launcher Build | -11 -10 -9 -9 ------- Run | Scr Mat Mat Min Slots Evolved 2 | . . 2 . Power . | . . . . Propulsion . | . . . . Utility 2 | . . 2 . Weapon . | . . . . Parts Attached 33 | 4 16 13 . Power 6 | 1 3 2 . Engine 6 | 1 3 2 . Core . | . . . . Reactor . | . . . . Propulsion 7 | 2 5 . . Treads . | . . . . Leg 2 | . 2 . . Wheel 5 | 2 3 . . Hover . | . . . . Flight . | . . . . Utility 9 | . 4 5 . Device 2 | . . 2 . Storage 3 | . 1 2 . Processor 1 | . . 1 . Hackware . | . . . . Protection 3 | . 3 . . Artifact . | . . . . Weapon 11 | 1 4 6 . Energy Gun 4 | . 3 1 . Energy Cannon 3 | . . 3 . Ballistic Gun 1 | 1 . . . Ballistic Cannon 2 | . 1 1 . Launcher 1 | . . 1 . Special Weapon . | . . . . Impact Weapon . | . . . . Slashing Weapon . | . . . . Piercing Weapon . | . . . . Special Melee Weapon . | . . . . Unidentified Prototypes . | . . . . Parts Lost 31 | . 8 23 . Power 5 | . 2 3 . Propulsion 8 | . 4 4 . Utility 6 | . . 6 . Weapon 12 | . 2 10 . Highest Loss Streak 23 | . 3 23 . To Critical Strikes . | . . . . Average Slot Usage (%) 93 | . 97 83 11 Engine 12 | . 13 8 . Leg 12 | . 11 17 . Wheel 11 | . 16 . . Storage 14 | . 13 16 11 Processor 2 | . . 8 . Protection 12 | . 14 8 . Energy Gun 10 | . 13 3 . Energy Cannon 1 | . . 6 . Ballistic Gun 3 | . 5 . . Ballistic Cannon 8 | . 8 9 . Naked Turns . | . . . . Heaviest Build 42 | 5 34 42 20 Greatest Support 20 | 20 20 20 3 Greatest Overweight (x) 8 | . 3 8 6 Average Overweight (x) 1 | . . 2 6 Largest Inventory Capacity 15 | 5 15 15 15 Average Capacity 14 | 5 14 14 15 Most Carried 15 | 3 15 15 . Average Carried 10 | 1 11 11 . Final Capacity 15 | 5 15 15 15 Final Carried 15 | 3 15 . . Class Distribution -------------------- 100% | Mutant Dominant Class ---------------- Mutant | -10/Materials Mutant | -9/Materials Mutant | -9/Mines Resources | -11 -10 -9 -9 ----------- Run | Scr Mat Mat Min Matter Collected 670 | 252 253 165 . Remotely . | . . . . Salvage Created 866 | 37 565 264 . Parts 62 | 1 37 24 . Haulers Intercepted . | . . . . Recyclers Shooed 1 | . 1 . . Parts Field Recycled . | . . . . Retrieved Matter . | . . . . Parts Self-Destructed . | . . . . Prevented . | . . . . Kills | -11 -10 -9 -9 ------- Run | Scr Mat Mat Min Combat Hostiles Destroyed 23 | 1 14 8 . Guns 8 | 1 7 . . Cannons 13 | . 6 7 . AOE 2 | . 1 1 . Classes Destroyed 5 | 1 1 3 . Tunneler 1 | . 1 . . Watcher 2 | . . 2 . Swarmer 3 | . . 3 . Grunt 19 | 1 14 4 . Sentry 1 | . . 1 . Best Kill Streak 4 | 1 4 3 . Combat Bots Only 4 | 1 4 3 . Max Kills in Single Turn 2 | 1 1 2 . Gunslinging . | . . . . Exploded 1 | . 1 1 . Melee . | . . . . Uniques/NPCs Destroyed . | . . . . Combat | -11 -10 -9 -9 -------- Run | Scr Mat Mat Min Damage Taken 2999 | 35 917 1925 122 Core 549 | 23 123 315 88 Absorbed by Shields . | . . . . Core Remaining (%) 65 | 90 41 . . Volleys Fired 121 | 4 78 39 . Largest 2 | 1 2 2 . Hottest 100 | 20 100 100 . Shots Fired 144 | 4 83 57 . Gun 73 | 4 65 4 . Cannon 69 | . 18 51 . Launcher 2 | . . 2 . Special . | . . . . Kinetic 67 | 4 35 28 . Thermal 36 | . 25 11 . Explosive 2 | . . 2 . Electromagnetic 39 | . 23 16 . Robot Hit Streak 8 | 2 8 8 . Robot Miss Streak 5 | 2 5 4 . Penetration Max . | . . . . Secondary Targets . | . . . . Shots Hit Robots 72 | 2 51 19 . Core Hits 38 | 2 24 12 . Critical Kills . | . . . . Critical Parts Destroyed . | . . . . Critical Strikes 3 | . 2 1 . Blast 2 | . 2 . . Corrupt 1 | . . 1 . Melee Attacks . | . . . . Impact . | . . . . Slashing . | . . . . Piercing . | . . . . Sneak Attacks . | . . . . Combat Hostiles . | . . . . Follow-up Attacks . | . . . . Damage Inflicted 1348 | 21 778 549 . Guns 575 | 21 526 28 . Cannons 589 | . 198 391 . Explosions 184 | . 54 130 . Melee . | . . . . Ramming . | . . . . Kinetic 474 | 21 317 136 . Thermal 430 | . 265 165 . Explosive 80 | . . 80 . Electromagnetic 364 | . 196 168 . Impact . | . . . . Slashing . | . . . . Piercing . | . . . . Highest Corruption 37 | . . 37 37 Average Corruption 34 | . . 33 37 Corruption Purged . | . . . . Corruption Blocked . | . . . . Effects 9 | . . 8 1 Message Errors 1 | . . 1 . Matter Fused 2 | . . 1 1 Heat Flow Errors 3 | . . 3 . Misdirections 2 | . . 2 . Weapon Failures 1 | . . 1 . Overload Shots . | . . . . Overflow Damage 4 | . . 4 . Projectiles . | . . . . Explosions 4 | . . 4 . Melee . | . . . . Knockbacks . | . . . . Impact . | . . . . Kinetic . | . . . . Secondary . | . . . . Self-Inflicted Damage 61 | . . 61 . Shots 2 | . . 2 . Rammed . | . . . . Targets Rammed . | . . . . Kicked . | . . . . Crushed . | . . . . Highest Temperature 394 | . 289 394 . Average Temperature 105 | . 90 125 . Received Heat Transfer 855 | 18 504 303 30 Effects 1 | . . 1 . Shutdowns 1 | . . 1 . Siege Activations . | . . . . Robots Corrupted . | . . . . Combat Hostiles . | . . . . Parts Fried 1 | . . 1 . Impact Corruptions . | . . . . Robots Melted . | . . . . Combat Hostiles . | . . . . Parts Melted . | . . . . Heat Transferred 846 | . 537 309 . Parts Sabotaged . | . . . . Parts Stolen . | . . . . Parts Stripped . | . . . . Power Chain Reactions 2 | . 1 1 . Missiles Intercepted . | . . . . Alert | -11 -10 -9 -9 ------- Run | Scr Mat Mat Min Peak Influence 209 | 20 191 209 33 Initial 33 | . 13 . 33 Average 71 | 5 69 90 33 Maximum Alert Level 1 | . . 1 . Low Security (%) 97 | 100 100 91 100 Level 1 2 | . . 8 . Level 2 . | . . . . Level 3 . | . . . . Level 4 . | . . . . Level 5 . | . . . . High Security . | . . . . Max Security . | . . . . Squads Dispatched 5 | . 4 1 . Investigation 3 | . 3 . . Extermination . | . . . . Reinforcement 2 | . 1 1 . Assault . | . . . . Garrison . | . . . . Intercept . | . . . . Searches Triggered . | . . . . Construction Impeded . | . . . . Haulers Reinforced . | . . . . Active Scanning Responses . | . . . . Cargo Convoy Interrupts . | . . . . Stealth | -11 -10 -9 -9 --------- Run | Scr Mat Mat Min Distress Signals . | . . . . Communications Jammed . | . . . . Distress Signals . | . . . . Times Spotted 32 | 1 15 14 2 Peak Tracking Total 5 | 1 4 5 2 Tactical Retreats . | . . . . Traps | -11 -10 -9 -9 ------- Run | Scr Mat Mat Min Traps Triggered . | . . . . Indirectly . | . . . . Trap Hack Attempts . | . . . . Triggered . | . . . . Disarmed 1 | . 1 . . Reprogrammed . | . . . . Reused . | . . . . Traps Extracted . | . . . . Installed . | . . . . Triggered . | . . . . Machines | -11 -10 -9 -9 ---------- Run | Scr Mat Mat Min Machines Disabled 2 | . 2 . . Max in Single Turn 1 | . 1 . . Machines Sabotaged . | . . . . Garrisons Compromised . | . . . . Overloaded Fab Kills . | . . . . Hacking | -11 -10 -9 -9 --------- Run | Scr Mat Mat Min Machines Accessed 6 | . 6 . . Terminals 3 | . 3 . . Fabricators . | . . . . Repair Stations 1 | . 1 . . Recycling Units 2 | . 2 . . Scanalyzers . | . . . . Garrison Access . | . . . . Total Hacks 19 | . 19 . . Successful 16 | . 16 . . Failed 3 | . 3 . . Catastrophic . | . . . . Database Lockouts . | . . . . Manual . | . . . . Terminals 11 | . 11 . . Fabricators . | . . . . Repair Stations 2 | . 2 . . Recycling Units 6 | . 6 . . Scanalyzers . | . . . . Garrison Access . | . . . . Terminal Hacks 9 | . 9 . . Record 2 | . 2 . . Emergency Access Points 1 | . 1 . . Recycling Unit Index 1 | . 1 . . Alert Level 1 | . 1 . . Locate Traps 1 | . 1 . . Disarm Traps 1 | . 1 . . Dispatch Records 2 | . 2 . . Fabricator Hacks . | . . . . Repair Station Hacks 1 | . 1 . . Scan Component 1 | . 1 . . Recycling Unit Hacks 6 | . 6 . . Recycle Component 1 | . 1 . . Process 1 | . 1 . . Report Inventory 2 | . 2 . . Retrieve Matter 1 | . 1 . . Retrieve Components 1 | . 1 . . Scanalyzer . | . . . . Garrison Access Hacks . | . . . . Unauthorized Hacks . | . . . . Terminals . | . . . . Fabricators . | . . . . Repair Stations . | . . . . Recycling Units . | . . . . Scanalyzers . | . . . . Garrison Access . | . . . . Data Cores Recovered . | . . . . Used . | . . . . Hacking Detections 6 | . 6 . . Full Trace Events 3 | . 3 . . Feedback Events . | . . . . Feedback Blocked . | . . . . Robot Schematics Acquired . | . . . . Robots Built . | . . . . Authchips . | . . . . Time . | . . . . Total Robot Build Rating . | . . . . Part Schematics Acquired . | . . . . Parts Built . | . . . . Authchips . | . . . . Time . | . . . . Total Part Build Rating . | . . . . Parts Repaired . | . . . . Time . | . . . . Parts Recycled 1 | . 1 . . Recycled Matter . | . . . . Retrieved Matter 247 | . 247 . . Retrieved Components 1 | . 1 . . Parts Scanalyzed . | . . . . Part Schematics Acquired . | . . . . Parts Damaged . | . . . . Bothacking | -11 -10 -9 -9 ------------ Run | Scr Mat Mat Min Used RIF Installer . | . . . . Robots Hacked . | . . . . Non-combat . | . . . . Combat . | . . . . Robot Hacks Applied . | . . . . Relay Couplers Released . | . . . . Fabnet Peak Effective % . | . . . . Robots Rewired . | . . . . Allies Hacked . | . . . . Hacks Repelled . | . . . . Allies | -11 -10 -9 -9 -------- Run | Scr Mat Mat Min Total Allies . | . . . . Largest Group . | . . . . Highest-Rated Group . | . . . . Highest-Rated Ally . | . . . . Total Orders . | . . . . Ally Attacks . | . . . . Total Damage . | . . . . Kills . | . . . . Allies Corrupted . | . . . . Allies Melted . | . . . . Intel | -11 -10 -9 -9 ------- Run | Scr Mat Mat Min Robot Analysis Total . | . . . . Derelict Logs Recovered . | . . . . Drone Launches . | . . . . Drone Recoveries . | . . . . Exploration | -11 -10 -9 -9 ------------- Run | Scr Mat Mat Min Turns Passed 1866 | 70 1314 468 14 Spaces Moved 1109 | 70 894 140 5 Core 39 | 17 . 17 5 Treads . | . . . . Legs 394 | . 271 123 . Wheels 676 | 53 623 . . Hover . | . . . . Flight . | . . . . Fastest Speed 50 | 50 80 190 350 Average Speed 136 | 72 123 246 350 Slowest Speed 450 | 80 190 450 350 Overloaded Moves . | . . . . Propulsion Burnouts . | . . . . Robots Hopped . | . . . . Cave-ins Triggered 6 | . . 6 . Exploration Rate (%) 28 | 9 86 14 6 Regions Visited 3 Branch Regions 1 Pre-discovered Areas . | . . . . Known Exits Taken . | . . . . Unknown Exits Taken 3 | 1 1 1 . Scrap Searched . | . . . . Spaces Dug 8 | . . 8 . Terrain Destroyed 24 | . 1 23 . Melee . | . . . . Projectile . | . . . . AOE 24 | . 1 23 . Terrain Rammed . | . . . . Walls Destroyed . | . . . . Machines Disabled . | . . . . Actions | -11 -10 -9 -9 --------- Run | Scr Mat Mat Min Total 1316 | 84 1020 207 5 Wait 11 | . 3 8 . Move 1106 | 69 893 139 5 Hop . | . . . . Pick Up 39 | 7 27 5 . Fast Attach . | . . . . Attach 27 | 4 14 9 . Detach . | . . . . Swap 6 | . 2 4 . Drop 6 | . 3 3 . Fire 121 | 4 78 39 . Melee . | . . . . Ram . | . . . . Kick . | . . . . Crush . | . . . . Escape Stasis . | . . . . Rewire . | . . . . Trap . | . . . . Miscellaneous . | . . . . Route ------- -11/Scrapyard -10/Materials (discovered 5 exits: [*Mat x3] / [*Min x2]) -9/Materials (discovered 2 exits: [*Min x2]) -9/Mines History --------- Turn | Location | Event 2 | -11/Scrapyard | Met Revision 17 41 | -11/Scrapyard | Discovered new exit (range 8) 71 | -11/Scrapyard | Entered Materials 239 | -10/Materials | Discovered new exit (range 11) 265 | -10/Materials | Discovered new exit (range 12) 297 | -10/Materials | Discovered new exit (range 15) 309 | -10/Materials | Build established: Mutant 364 | -10/Materials | Lost 3 parts (1p1n1w) 400 | -10/Materials | Discovered new exit (range 16) 603 | -10/Materials | Discovered new exit (range 3) 716 | -10/Materials | Core integrity fell below 50% 1385 | -10/Materials | Entered another Materials area 1385 | -9/Materials | Evolved 2 slots: Utility x2 1570 | -9/Materials | Discovered new exit (range 17) 1740 | -9/Materials | Crushed by falling debris 1740 | -9/Materials | System corruption reached 10% 1751 | -9/Materials | Crushed by falling debris 1755 | -9/Materials | Crushed by falling debris 1755 | -9/Materials | System corruption reached 30% 1764 | -9/Materials | Crushed by falling debris 1765 | -9/Materials | Crushed by falling debris 1770 | -9/Materials | Crushed by falling debris 1810 | -9/Materials | Discovered new exit (range 16) 1832 | -9/Materials | Core integrity fell below 50% 1853 | -9/Materials | Entered Mines 1858 | -9/Mines | Core integrity fell below 20% 1866 | -9/Mines | Lost 23 parts (3p4n6u10w) 1867 | -9/Mines | Destroyed by G-34 Mercenary with Small Laser Last Messages --------------- Critical hit (Burn: +37). U-05 Engineer lays Concrete. U-05 Engineer builds a Wall. U-05 Engineer lays Concrete. U-05 Engineer builds a Wall. U-05 Engineer lays Concrete. R-06 Scavenger collects Lgt. Assault Rifle. Particle Gun destroyed. Critical hit (Burn: +37). U-05 Engineer lays Concrete. U-05 Engineer builds a Wall. U-05 Engineer lays Concrete. U-05 Engineer builds a Door. IKQTWDMZKWQGQEWVOS5EUZ34,UOBJOSC,U6S TG U-05 Engineer builds a Wall. Critical hit (Burn: +37). U-05 Engineer lays Concrete. LOCATION=UNKNOWN GOAL=ESCAPE System corrupted: Matter fused (-6). Map ----- +----------------------------------------------------+ | ????????????????????????????????? | | ????????????????????????????????? | | ????????????????????????????????? | | ????????????????????????????????? | | ????????????????????????????????? | | ????????????????????????????????? | | ????????????????????????????????? | | ????????????????????????????????? | | ????????????????????????????????? | | ????????????????????????????????? | | ????????????????????????????????? | | ??????????#?????????????????????? | | ?????????? ?????????????????????? | | ?????????? ?????????????????????? | | ?????????? ?????????????????????? | | ????????? ?????????????????????? | | ????????? ?????????????????????? | | ????????? #?????????????????????? | | ????????? #?????????????????????? | | ????????? #?????????????????????? | | ????????? #?????????????????????? | | ????????? #?????????????????????? | | ???????## ??????????????????????? | | ???????# ??????????????????????? | | ???????# #??????????????????????? | | ???????#@#??????????????????????? | | ???????# #??????????????????????? | | ??######l#####??????????????????? | | ??# #??????????????????? | | ??# #??????????????????? | | ??# """ #??????????????????? | | ??# """ g #??????????????????? | | ??# """ #??????????????????? | | ??# #??????????????????? | | ??# """ """ #??????????????????? | | ??# """ """ #??????????????????? | | ??# """ """ #??????????????????? | | ????? #??????????????????? | | ?????""" """ #??????????????????? | | ?????""" ??? #??????????????????? | | ???????" ??? #??????????????????? | | ??????? ??? #??????????????????? | | ????????#????#??????????????????? | | ????????????????????????????????? | | ????????????????????????????????? | | ????????????????????????????????? | | ????????????????????????????????? | | ????????????????????????????????? | | | | | +----------------------------------------------------+ Best States ------------- Heat Dissipation 28 Energy Generation 10 Energy Capacity 450 Matter Stores 300 Matter Capacity 300 Sight Range 18 Terrain Scan Density 10 ECM Strength 1 Armor Coverage 300 Evasion (%) 50 Item Schematics ----------------- None Robot Schematics ------------------ None Fabricated ------------ Nothing Alien Tech Used ----------------- None Achievements -------------- Storm Trooper System Compromised Unlikely Earthworm Challenges ------------ None Game ------ Seed IonPlasmaFalx Manual? 0 Play Time 00:58:56 Cumulative 3.0 hours Start 2022.05.29 @ 13:25:43 End 2022.05.29 @ 14:36:35 Sessions 1 Manual Loads 0 Difficulty Rogue Special Mode None Game No. 2 Rogue 2 Adventurer 0 Explorer 0 Win Type - Total 0 Types 0/0/0/0/0/0/0/0/0 Lore% 0 Gallery% 2 Achievement% 3 Wizard Run 0 Options --------- ASCII 0 Keyboard 0 Movement Mouse Keybinds 0 Fullscreen 1 Font 36/TerminusFine Map View 76x50 Tactical HUD 0 Map Filters NONE Filters NONE Steam 1 RUN: 222a0cce-b942-470b-9862-12caa115439f